 Dungeon Crawl Stone Soup version 0.31-a0-1447-g87ca8d402b (webtiles) character file.

Game seed: 15920555982706240468

1596 Persephone the Skirmisher (level 8, 0/44 HPs)
             Began as a Gargoyle Hunter on Dec 27, 2023.
             Was an Initiate of Hepliaklqana.
             Engulfed by a steam dragon's steam (6 damage)
             ... on level 6 of the Dungeon.
             The game lasted 00:07:44 (4378 turns).

Persephone the Skirmisher (Gargoyle Hunter)         Turns: 4378, Time: 00:07:44

Health: 0/44       AC: 11    Str: 23    XL:     8   Next: 93%
Magic:  8/8        EV: 12    Int: 11    God:    Hepliaklqana [......]
Gold:   254        SH:  5    Dex: 15    Spells: 7/7 levels left

rFire   . . .        w - +5 shortbow "Qiojidd" {flame, rElec Str+3}
rCold   . . .        (shield currently unavailable)
rNeg    + . .        c - +0 leather armour
rPois   ∞            q - +1 helmet
rElec   +            (no cloak)
rCorr   .            y - +0 pair of gloves
SInv    .            (no boots)
Will    +....        d - amulet of reflection
Stlth   ++           e - +6 ring of strength
HPRegen 0.27/turn    A - ring of willpower
MPRegen 0.11/turn

%: reflection
@: no status effects
A: sickness immunity, AC +5, negative energy resistance 1, electricity
resistance, torment resistance 1, petrification resistance
a: Renounce Religion


You were on level 6 of the Dungeon.
You worshipped Hepliaklqana.
Hepliaklqana was noncommittal.
You visited 2 branches of the dungeon, and saw 7 of its levels.
You also visited: Sewer.

You collected 254 gold pieces.

Inventory:

Hand Weapons
 a - a +1 heavy shortbow
 w - the +5 shortbow "Qiojidd" (weapon) {flame, rElec Str+3}
   (You took it off a centaur on level 5 of the Dungeon)

   Str+3:     It affects your strength (+3).
   rElec:     It insulates you from electricity.
Missiles
 B - a throwing net
Armour
 c - a +0 leather armour (worn)
 q - a +1 helmet (worn)
 y - a +0 pair of gloves (worn)
Jewellery
 d - an amulet of reflection (around neck)
 e - a +6 ring of strength (left hand)
 j - a ring of wizardry
 l - a ring of wizardry
 n - an amulet of guardian spirit
 A - a ring of willpower (right hand)
Wands
 v - a wand of quicksilver (8)
Scrolls
 b - a scroll of butterflies
 f - a scroll of blinking
 g - 3 scrolls of poison
 k - 2 scrolls of noise
 x - a scroll of silence
Potions
 h - a potion of brilliance {unknown}
 i - 3 potions of haste
 m - a potion of enlightenment {unknown}
 o - 5 potions of curing
 p - a potion of cancellation {unknown}
 r - 2 potions of berserk rage {unknown}
 s - 2 potions of invisibility {unknown}
 t - a potion of heal wounds {unknown}
 u - 3 potions of mutation
 z - a potion of ambrosia


   Skills:
 - Level 2.1 Fighting
 + Level 11.6 Ranged Weapons
 - Level 1.5 Dodging
 - Level 1.1 Stealth


You had 7 spell levels left.
You didn't know any spells.
Your spell library was empty.

Dungeon Overview and Level Annotations

Branches:
Dungeon (6/15)             Temple (1/1) D:5           Sewer (visited)

Altars:
Ashenzari
Cheibriados
Dithmenos
Elyvilon
Fedhas
Gozag
Hepliaklqana
Kikubaaqudgha
Makhleb
Nemelex Xobeh
Okawaru
Qazlal
Sif Muna
Trog
Uskayaw
Vehumet
Wu Jian
Xom
Yredelemnul
Zin

Annotations:
D:5 2 transporters, bungle's ghost, weakling GnDe


Innate Abilities, Weirdness & Mutations

You are immune to sickness and miasma.
Your stone body is resilient. (AC +5)
You are immune to poison.
You resist negative energy. (rN+)
You are resistant to electric shocks. (rElec)
You are resistant to unholy torment.
You are immune to petrification.


Message History

You shoot an arrow. The arrow hits the steam dragon.
The arrow burns the steam dragon.
The steam dragon is heavily wounded.
You are engulfed in a cloud of scalding steam.
Fire: w) +5 shortbow "Qiojidd" {flame, rElec Str+3}
Press: ? - help, Shift-Dir - straight line, f/p - steam dragon
Aim: a steam dragon (heavily wounded, 70% to hit)
You shoot an arrow.
The arrow closely misses the steam dragon.
You block the steam dragon's attack. The steam dragon barely misses you.
Fire: w) +5 shortbow "Qiojidd" {flame, rElec Str+3}
Press: ? - help, Shift-Dir - straight line, f/p - steam dragon
Aim: a steam dragon (heavily wounded, 70% to hit)
You shoot an arrow.
The arrow barely misses the steam dragon.
The steam dragon bites you!
* * * LOW HITPOINT WARNING * * *
The steam dragon closely misses you.
Fire: w) +5 shortbow "Qiojidd" {flame, rElec Str+3}
Press: ? - help, Shift-Dir - straight line, f/p - steam dragon
Aim: a steam dragon (heavily wounded, 70% to hit)
You shoot an arrow.
The arrow completely misses the steam dragon.
The steam dragon barely misses you.
The steam dragon claws you but does no damage.
Fire: w) +5 shortbow "Qiojidd" {flame, rElec Str+3}
Press: ? - help, Shift-Dir - straight line, f/p - steam dragon
Aim: a steam dragon (heavily wounded, 70% to hit)
You shoot an arrow.
The arrow closely misses the steam dragon.
The steam dragon breathes steam at you. The ball of steam hits you!
* * * LOW HITPOINT WARNING * * *
Fire: w) +5 shortbow "Qiojidd" {flame, rElec Str+3}
Press: ? - help, Shift-Dir - straight line, f/p - steam dragon
Aim: a steam dragon (heavily wounded, catching its breath, 70% to hit)
You shoot an arrow.
The arrow completely misses the steam dragon.
You are engulfed in a cloud of scalding steam.
You die...

..........##
...........#
...........#
...........#
...........#
...........####
...........†..#
.........####.########
########## #.§§@D...#
....# ########..#
###... . .# #


You could see a steam dragon (catching breath).

Vanquished Creatures
  Pikel (D:5)
  A sky beast (D:6)
  Pargi (D:3)
  A black bear (D:5)
  2 ogres
  A centaur (D:5)
  2 lemures (D:5)
  A kobold brigand (Sewer)
  5 wights (D:6)
  A bombardier beetle (D:5)
  2 hounds
  An iguana (D:5)
  3 gnolls (D:3)
  6 adders
  2 white imps
  2 worms
  2 dart slugs (D:2)
  4 orcs (D:4)
  11 ball pythons
  7 endoplasms
  5 giant cockroaches
  7 goblins
  10 hobgoblins
  5 quokkas
  3 bats
  10 kobolds
  11 rats
107 creatures vanquished.

Notes
Turn   | Place    | Note
-------+----------+-------------------------------------------
     0 | D:1      | Persephone the Gargoyle Hunter began the quest for the Orb.
     0 | D:1      | Reached XP level 1. HP: 12/12 MP: 1/1
   147 | D:1      | Reached XP level 2. HP: 10/17 MP: 2/2
   855 | D:2      | Reached XP level 3. HP: 21/21 MP: 3/3
   861 | D:2      | Reached skill level 5 in Ranged Weapons
  1134 | D:2      | Reached XP level 4. HP: 26/26 MP: 4/4
  1460 | D:3      | Found a glowing drain.
  1476 | Sewer    | Entered a sewer
  1740 | Sewer    | Noticed a kobold brigand
  1756 | Sewer    | Killed a kobold brigand
  1757 | Sewer    | Reached skill level 6 in Ranged Weapons
  1757 | Sewer    | Reached XP level 5. HP: 18/30 MP: 5/5
  1978 | D:3      | Noticed Pargi
  2057 | D:3      | Killed Pargi
  2058 | D:3      | Reached skill level 7 in Ranged Weapons
  2058 | D:3      | Reached XP level 6. HP: 31/35 MP: 6/6
  2645 | D:4      | Reached skill level 8 in Ranged Weapons
  2645 | D:4      | Reached XP level 7. HP: 40/40 MP: 7/7
  2790 | D:4      | Found a glowing silver altar of Zin.
  3288 | D:5      | Entered Level 5 of the Dungeon
  3393 | D:5      | Identified the +5 shortbow "Qiojidd" {flame, rElec Str+3}
  3577 | D:5      | Noticed bungle's ghost (weakling GnDe)
  3585 | D:5      | Found a transporter.
  3590 | D:5      | Found a transporter.
  3704 | D:5      | Found a staircase to the Ecumenical Temple.
  3769 | Temple   | Entered the Ecumenical Temple
  3789 | Temple   | Became a worshipper of Hepliaklqana the Forgotten
  3848 | D:5      | Reached skill level 9 in Ranged Weapons
  3996 | D:5      | Found a shimmering blue altar of Sif Muna.
  4000 | D:5      | Noticed Pikel
  4014 | D:5      | Killed Pikel
  4015 | D:5      | Reached skill level 10 in Ranged Weapons
  4015 | D:5      | Reached XP level 8. HP: 31/44 MP: 8/8
  4209 | D:6      | Reached skill level 11 in Ranged Weapons
  4378 | D:6      | Engulfed by a steam dragon's steam

Illustrated notes

Levels and vault maps discovered:
D:1:      shiori_arrival_oz, layout_basic, serial_bayou_lake_a
D:2:      layout_loops_ring, serial_park_tiny_2
D:3:      layout_rooms, portal_sewer_entry_a, nicolae_elevator_lobby_asterisk,
          uniq_pargi
D:4:      layout_basic, zin_scriptorium, chequers_serial_rivers_micro_d
D:5:      layout_loops_ring, mainiacjoe_overflow_alcove_2,
          minmay_temple_entry_drinking_statues, gammafunk_ghost_hive, uniq_pikel
D:6:      layout_rooms, nicolae_tso_swordbearing_angel, serial_shops, shop,
          kb_lookout_dungeons_type, nicolae_fountain_basement
Temple:   hc_temple_tempest_star

Skill      XL: |  1  2  3  4  5  6  7  8 |
---------------+-------------------------+-----
Ranged Weapons | 5 6 7 8 10 11 | 11.6
Fighting       | |  2.1
Dodging        | |  1.5
Stealth        | |  1.1

Action                     |  1- 3 |  4- 6 |  7- 9 || total
---------------------------+-------+-------+-------++-------
   Fire: Shortbow          |   124 |   162 |   105 ||   391
    Use: Scroll            |       |     9 |     2 ||    11
 Armour: Leather armour    |    46 |    51 |    30 ||   127
  Dodge: Dodged            |    37 |    37 |    16 ||    90
  Block: Other             |       |    16 |    10 ||    26
         Reflection        |       |     1 |     2 ||     3

Table legend: (Time is in decaauts)
 A = Elapsed time spent in this place.
 B = Non-inter-level travel time spent in this place.
 C = Inter-level travel time spent in this place.
 D = Time resting spent in this place.
 E = Time spent auto-exploring this place.
 F = Levels seen in this place.
 G = Mean time per level.
                   A        B        C        D        E       F      G
               +--------+--------+--------+--------+--------+-----+--------+
         Total |   4554 |   4276 |    278 |      0 |   3489 |   8 |  569.2 |
       Dungeon |   4050 |   3810 |    240 |      0 |   3151 |   6 |  675.0 |
        Temple |     40 |      2 |     38 |      0 |      0 |   1 |   40.0 |
         Sewer |    463 |    463 |      0 |      0 |    337 |   1 |  463.0 |
               +--------+--------+--------+--------+--------+-----+--------+

Top non-repeatable levels by time:
     D:4: 943 daAuts
     D:5: 860 daAuts
     D:1: 739 daAuts
     D:2: 719 daAuts
     D:3: 600 daAuts
   Sewer: 463 daAuts
     D:6: 187 daAuts
  Temple: 40 daAuts
